 Dungeon Crawl Stone Soup version 0.24-a0-232-g49d9ff80d8 (webtiles) character file.

Game seed: 3336995163697830006

12 CedricTheThird the Skirmisher (level 2, 0/24 HPs)
             Began as a Demonspawn Chaos Knight on Apr 4, 2019.
             Was a Plaything of Xom.
             Slain by a kobold
             ... wielding a +2 short sword of electrocution
              (10 damage)
             ... on level 1 of the Dungeon.
             The game lasted 00:00:34 (57 turns).

CedricTheThird the Skirmisher (DsCK)                  Turns: 57, Time: 00:00:35

Health: 0/24       AC:  5    Str: 12    XL:     2   Next: 20%
Magic:  2/2        EV: 11    Int: 13    God:    Xom [..*...]
Gold:   0          SH:  0    Dex: 12    Spells: 1/1 levels left

rFire    . . .     SeeInvis .   a - +0 mace (chaos)
rCold    . . .     Gourm    .   (no shield)
rNeg     . . .     Faith    .   b - +2 leather armour
rPois    .         Spirit   .   (no helmet)
rElec    .         Reflect  .   (no cloak)
rCorr    .         Harm     .   (no gloves)
MR       .....                  (no boots)
Stlth    +.........             (no amulet)
HPRegen  0.08/turn              (no ring)
MPRegen  0.08/turn              (no ring)

@: no status effects
A: hooves 1
a: Renounce Religion


You were on level 1 of the Dungeon.
You worshipped Xom.
You were a toy of Xom.
You were not hungry.

You visited 1 branch of the dungeon, and saw 1 of its levels.

Inventory:

Hand Weapons
 a - a +0 mace of chaos (weapon)
Armour
 b - a +2 leather armour (worn)
Comestibles
 c - a ration


   Skills:
 + Level 3.1 Fighting
 * Level 3.0 Maces & Flails
 + Level 2.0 Armour
 + Level 1.1 Dodging


You had one spell level left.
You didn't know any spells.
Your spell library was empty.

Dungeon Overview and Level Annotations

Branches:
Dungeon (1/15)

Altars:


Innate Abilities, Weirdness & Mutations

You have large cloven feet.


Message History

You miss the bat. You kick the bat.
The bat is moderately wounded.
The bat misses you. The bat hits you but does no damage.
The bat hits you but does no damage. The bat closely misses you.
Something bites you but does no damage. The rat bites you but does no damage.
You see here a stone.
Something bites you but does no damage. The bat hits you but does no damage.
Something bites you.
You hit the bat.
You feel better.
The bat is severely wounded.
The bat completely misses you. The bat closely misses you.
Something bites you but does no damage.
You barely miss the kobold. The bat hits you but does no damage.
Something bites you but does no damage. The kobold misses you.
Something bites you but does no damage.
You barely miss the kobold. Your kick misses the kobold.
The bat hits you but does no damage. The kobold misses you.
Something bites you but does no damage. The kobold hits you but does no damage.
You are electrocuted!
You die...

.... ##... .... ...>
.. #...% .... #..
#....##.. ##..#
......... .....
.......(# ......
........# #......
.##.###.......
...#rK@..# #...#.b###
.# .. ##......##
.##...
##......###...... ..
.......#.(....#..#
.....#................
....................#
..#####...†....#....
#.###.#.###†.......


You could see a bat, a kobold and a rat.

Vanquished Creatures
  2 oozes (D:1)
  A goblin (D:1)
  2 rats (D:1)
5 creatures vanquished.

Notes
Turn   | Place    | Note
-------+----------+-------------------------------------------
     0 | D:1      | CedricTheThird the Demonspawn Chaos Knight began the quest
                  | for the Orb.
     0 | D:1      | Reached XP level 1. HP: 18/18 MP: 1/1
    12 | D:1      | XOM: divination: detect items
    15 | D:1      | XOM: smoke on damage
    43 | D:1      | Reached skill level 1 in Dodging
    45 | D:1      | Gained mutation: You have large cloven feet. [demonic
                  | ancestry]
    45 | D:1      | Reached XP level 2. HP: 10/24 MP: 2/2
    57 | D:1      | Slain by a kobold

Levels and vault maps discovered:
D:1:      roderic_chinese_lattice_arrival, layout_rooms, minmay_bisected

Skill      XL: |  1 |
---------------+----+-----
Dodging        | 1 |  1.1
Maces & Flails | 3 |  3.0
Armour         | 2 |  2.0
Fighting       | |  3.1

Action                   || total
-------------------------++-------
Melee: Mace              ||    25
       Kick              ||     2
 Stab: Petrified         ||     3
Armor: Leather armour    ||    25
Dodge: Dodged            ||    22

Table legend:
 A = Non-vault XP
 B = Vault XP
 C = Vault XP percentage of total XP
 D = Non-vault monster count
 E = Vault monster count
 F = Vault count percentage of total count
                 A         B        C        D         E       F
            +---------+---------+-------+---------+---------+-------
      Total |      17 |       1 |   5.6 |       4 |       1 |  20.0
            +---------+---------+-------+---------+---------+-------
        D:1 |      17 |       1 |   5.6 |       4 |       1 |  20.0
            +---------+---------+-------+---------+---------+-------
